 Dungeon Crawl Stone Soup version 0.28.0-45-g0d030f2227 (webtiles) character file.

Game seed: 16758457922974709359

12222 Fartwhistle the Transmogrifier (level 11, -14/97 HPs)
             Began as a Naga Transmuter on May 18, 2022.
             Was a Priest of Cheibriados.
             Demolished by a two-headed ogre
             ... wielding a +0 giant club
              (25 damage)
             ... on level 11 of the Dungeon.
             The game lasted 00:44:26 (16668 turns).

Fartwhistle the Transmogrifier (Naga Transmuter)   Turns: 16668, Time: 00:44:27

Health: -14/97     AC: 11    Str: 20    XL:     11   Next: 90%
Magic:  6/19       EV: 13    Int: 25    God:    Cheibriados [***...]
Gold:   548        SH:  0    Dex: 18    Spells: 3/21 levels left

rFire   + . .      SeeInvis +     - Unarmed
rCold   + . .      Faith    .   (shield currently unavailable)
rNeg    . . .      Spirit   .   C - +1 robe {rC+ rF+}
rPois   +          Reflect  .   (no helmet)
rElec   .          Harm     .   y - +1 cloak of Xeyjit {Stlth+}
rCorr   .          Rampage  .   (gloves currently unavailable)
Will    +....                   (no barding)
Stlth   +++.......              (no amulet)
HPRegen 0.26/turn               a - +4 ring of protection
MPRegen 0.16/turn               f - +4 ring of slaying

@: blade hands (expiring), invisible, very slow
A: AC +3, large, see invisible, deformed body, poison resistance, slowness 2,
spit poison 1, naga tail 1
a: Spit Poison, End Transformation, Renounce Religion, Bend Time, Temporal
Distortion


You were on level 11 of the Dungeon.
You worshipped Cheibriados.
Cheibriados was most pleased with you.
You had blades for hands.
You visited 2 branches of the dungeon, and saw 12 of its levels.
You also visited: Bailey.

You collected 548 gold pieces.

Inventory:

Armour
 j - a +0 ring mail of willpower
 s - a +0 leather armour
 x - an orb of light
 y - the +1 cloak of Xeyjit (worn) {Stlth+}
   (You found it on level 5 of the Dungeon)

   Stlth:     It makes you more stealthy.
 B - a scarf of invisibility
 C - a +1 robe of resistance (worn)
Magical Staves
 g - a staff of earth
Jewellery
 a - a +4 ring of protection (left blade hand)
 d - a +6 ring of strength
 f - a +4 ring of slaying (right blade hand)
 I - a ring of positive energy
 K - a ring of resist corrosion
Wands
 n - a wand of acid (1)
 p - a wand of polymorph (6)
 q - a wand of digging (2)
 L - a wand of mindburst (3)
Scrolls
 c - 5 scrolls of holy word
 h - 2 scrolls of teleportation
 k - 3 scrolls of amnesia
 r - a scroll of immolation
 v - a scroll of torment {unknown}
 D - a scroll of brand weapon {unknown}
 J - 3 scrolls of magic mapping
Potions
 b - a potion of lignification {unknown}
 e - 3 potions of brilliance
 i - a potion of heal wounds {unknown}
 l - a potion of berserk rage {unknown}
 m - 2 potions of cancellation {unknown}
 o - a potion of attraction {unknown}
 t - 2 potions of might
 u - 3 potions of curing
 w - a potion of invisibility
 z - a potion of ambrosia {unknown}
 A - 4 potions of resistance
 E - 3 potions of mutation
 F - a potion of flight {unknown}
 G - 3 potions of haste
 H - 3 potions of magic


   Skills:
 + Level 6.0 Fighting
 + Level 6.0 Dodging
 - Level 9.5 Unarmed Combat
 + Level 5.7 Spellcasting
 - Level 10.0 Transmutations
 - Level 2.0 Ice Magic
 - Level 4.0 Poison Magic
 - Level 5.0 Invocations
 - Level 4.0 Evocations


You had 3 spell levels left.
You knew the following spells:

 Your Spells              Type           Power      Damage    Failure   Level
a - Beastly Appendage     Tmut           100%       N/A       8%          1
b - Spider Form           Tmut/Pois      42%        N/A       17%         3
c - Poisonous Vapours     Pois/Air       34%        N/A       32%         2
d - Ice Form              Ice/Tmut       37%        N/A       36%         4
e - Blade Hands           Tmut           27%        N/A       28%         5
f - Mephitic Cloud        Conj/Pois/Air  13%        N/A       52%         3

Your spell library contained the following spells:

 Spells                   Type           Power      Damage    Failure   Level
 Wereblood                Tmut           55%        N/A       9%          2
 Sting                    Tmut/Pois      100%       1d8       11%         1
 Magic Dart               Conj           28%        1d4       41%         1
 Call Imp                 Summ           7%         N/A       50%         2
 Sublimation of Blood     Necr           7%         N/A       50%         2
 Portal Projectile        Hex/Tloc       14%        N/A       65%         3
 Stone Arrow              Conj/Erth      14%        3d7       65%         3
 Olgreb's Toxic Radiance  Pois           27%        N/A       54%         4
 Animate Armour           Summ/Erth      14%        N/A       91%         4
 Excruciating Wounds      Necr           3%         N/A       99%         5
 Summon Hydra             Summ           3%         N/A       100%        7
 Lehudib's Crystal Spear  Conj/Erth      3%         10d3      100%        8


Dungeon Overview and Level Annotations

Branches:
Dungeon (11/15)            Temple (1/1) D:6          Bailey (visited)
   Lair: D:8-11         Orc: D:9-12

Altars:
Ashenzari
Cheibriados
Dithmenos
Elyvilon
Fedhas
Gozag
Kikubaaqudgha
Makhleb
Nemelex Xobeh
Okawaru
Qazlal
Ru
Sif Muna
Trog
Uskayaw
Vehumet
Wu Jian
Xom
Yredelemnul
Zin
The Shining One

Shops:
D:3 :   D:7 *

Annotations:
D:11 exclusion: oklob plant


Innate Abilities, Weirdness & Mutations

You have blades for hands.
Your spellcasting is less reliable in this form.
You are incapable of wielding weapons or throwing items.
Your serpentine skin is tough. (AC +3)
You have supernaturally acute eyesight. (SInv)
Armour fits poorly on your strangely shaped body.
Your system is resistant to poisons. (rPois)
You cover ground very slowly.
You can spit poison.
You have a snake-like lower body.


Message History

The flow of time bends around you.
Cheibriados rebukes the yak.
Cheibriados rebukes the two-headed ogre.
The two-headed ogre seems to slow down.
The centaur warrior zombie easily resists.
The centaur warrior zombie completely misses you.
The centaur warrior zombie kicks you but does no damage.
Your transformation is almost over.
The centaur warrior zombie closely misses you.
The centaur warrior zombie kicks you but does no damage.
The centaur warrior zombie hits you!
* * * LOW HITPOINT WARNING * * *
The centaur warrior zombie kicks you.
* * * LOW HITPOINT WARNING * * *
The centaur warrior zombie closely misses you.
The centaur warrior zombie kicks you but does no damage.
The two-headed ogre closely misses you.
The two-headed ogre hits you with a +0 giant club!!
* * * LOW HITPOINT WARNING * * *
The flow of time bends around you.
Cheibriados rebukes the yak.
The two-headed ogre easily resists.
Cheibriados rebukes the centaur warrior zombie.
The centaur warrior zombie seems to slow down.
The centaur warrior zombie hits you.
* * * LOW HITPOINT WARNING * * *
The centaur warrior zombie kicks you but does no damage.
You warp the flow of time around you!
Cheibriados lowers the support of your attributes as your movement quickens.
It was a potion of curing.
You feel better.
The yak is no longer petrified.
The yak completely misses you.
You fade into invisibility!
The two-headed ogre is no longer moving slowly.
The centaur warrior zombie barely misses you.
The centaur warrior zombie kicks you.
* * * LOW HITPOINT WARNING * * *
The yak closely misses you.
The centaur warrior zombie closely misses you. x2
The two-headed ogre hits you with a +0 giant club!!
You die...

..................###.#
#####..(.########..# ##
#...## .#.# #.>.# .###
#...# # .. ####...# .#
# #####....### .#..
#>........##....#
###.###...#@.....#
#.....###.OZ##.#....
#.#.#.# ##Y## #≈.P.
#.#.#.# #.## .#..P
#.....# #..# ...##
#.#.#.# ##.##....#.
#.#.#.# ###.#...#...
#.....# #...[....#
#...### #.....##..$


You could see a two-headed ogre, a yak (slow) and a centaur warrior zombie
(slow).

Vanquished Creatures
  A hydra (D:9)
  A boulder beetle (D:11)
  A catoblepas (D:11)
  3 two-headed ogres
  A manticore (D:10)
  An ugly thing (D:9)
  A cyclops (D:7)
  Maurice (D:9)
  A gargoyle (D:10)
  A kobold demonologist (D:11)
  2 trolls
  2 hornets
  A meliai zombie (D:10)
  Sigmund (D:3)
  2 shadows (D:11)
  2 wyverns
  A vampire mosquito (D:11)
  An acid dragon (D:11)
  2 water moccasins
  A sky beast (D:7)
  3 orc warriors
  A black bear (D:8)
  3 necrophages
  2 ice beasts
  3 ogres
  7 centaurs
  2 phantoms (D:5)
  2 kobold brigands
  3 bullfrogs
  A scorpion (D:7)
  A water moccasin skeleton (D:5)
  4 killer bees (D:9)
  12 wights
  An electric eel (D:7)
  4 howler monkeys
  A bullfrog zombie (D:5)
  A jelly (D:6)
  2 centaur zombies
  A hound (D:4)
  A centaur skeleton (D:5)
  2 orc priests
  3 bullfrog skeletons
  Terence (D:3)
  2 iguanas
  5 orc wizards
  A scorpion zombie (D:5)
  2 killer bee zombies
  A hound zombie (D:5)
  A howler monkey zombie (D:6)
  9 gnolls (Bailey)
  4 adders
  A shadow imp (D:7)
  A white imp (D:7)
  2 ufetubi
  An adder zombie (D:5)
  3 worms
  5 dart slugs
  40 orcs
  6 ball pythons
  7 bats
  9 endoplasms
  3 giant cockroaches (D:1)
  5 goblins
  6 hobgoblins
  3 jackals (D:4)
  17 kobolds
  3 quokkas
  4 frilled lizards
  7 rats
236 creatures vanquished.

Vanquished Creatures (others)
  22 plants
22 creatures vanquished.

Grand Total: 258 creatures vanquished

Notes
Turn   | Place    | Note
-------+----------+-------------------------------------------
     0 | D:1      | Fartwhistle the Naga Transmuter began the quest for the
                  | Orb.
     0 | D:1      | Reached XP level 1. HP: 18/18 MP: 3/3
   146 | D:1      | Reached XP level 2. HP: 4/25 MP: 3/5
   768 | D:1      | Reached skill level 3 in Transmutations
   932 | D:1      | Reached XP level 3. HP: 31/31 MP: 6/6
  1417 | D:1      | Learned a level 3 spell: Spider Form
  1788 | D:2      | Reached skill level 4 in Transmutations
  2069 | D:2      | Reached XP level 4. HP: 37/38 MP: 5/7
  2521 | D:2      | Found a faded altar of an unknown god.
  2763 | D:3      | Noticed Terence
  2779 | D:3      | Killed Terence
  2780 | D:3      | Reached XP level 5. HP: 15/44 MP: 1/8
  3058 | D:3      | Noticed Sigmund
  3067 | D:3      | Killed Sigmund
  3068 | D:3      | Reached skill level 5 in Transmutations
  3068 | D:3      | Reached XP level 6. HP: 55/55 MP: 6/9
  3349 | D:3      | Found Enoumarph's Book Shop.
  3496 | D:3      | Learned a level 2 spell: Poisonous Vapours
  4483 | D:4      | Reached skill level 1 in Poison Magic
  4483 | D:4      | Reached skill level 1 in Evocations
  4791 | D:4      | Reached XP level 7. HP: 36/59 MP: 7/10
  4934 | D:4      | Reached skill level 6 in Transmutations
  5213 | D:3      | Learned a level 4 spell: Ice Form
  5511 | D:5      | Entered Level 5 of the Dungeon
  5754 | D:5      | Reached skill level 7 in Transmutations
  5754 | D:5      | Reached XP level 8. HP: 62/68 MP: 7/11
  5989 | D:5      | Identified the +1 cloak of Xeyjit {Stlth+}
  6203 | D:5      | Reached skill level 1 in Ice Magic
  6933 | D:6      | Reached skill level 8 in Transmutations
  7137 | D:6      | You fall into a shaft and drop 1 floor!
  7154 | D:7      | Reached XP level 9. HP: 49/74 MP: 9/14
  7523 | D:7      | Reached skill level 5 in Unarmed Combat
  7897 | D:7      | Learned a level 5 spell: Blade Hands
  7988 | D:7      | Found Zyit's Gadget Gallery.
  8325 | D:7      | Noticed a cyclops
  8340 | D:7      | Killed a cyclops
  8341 | D:7      | Reached skill level 9 in Transmutations
  8985 | D:6      | Found a staircase to the Ecumenical Temple.
  8992 | Temple   | Entered the Ecumenical Temple
  9249 | Temple   | Became a worshipper of Cheibriados the Contemplative
  9995 | D:8      | Reached * piety under Cheibriados
  9996 | D:8      | Reached XP level 10. HP: 85/85 MP: 13/16
 10940 | D:9      | Found a flagged portal.
 10943 | D:9      | Noticed a two-headed ogre
 10950 | D:9      | Killed a two-headed ogre
 11254 | Bailey   | Entered a bailey
 11390 | Bailey   | Reached ** piety under Cheibriados
 12618 | D:9      | Reached skill level 5 in Fighting
 12717 | D:9      | Noticed a four-headed hydra
 12724 | D:9      | Killed a four-headed hydra
 12725 | D:9      | Reached skill level 10 in Transmutations
 12948 | D:9      | Reached *** piety under Cheibriados
 13099 | D:9      | Noticed Maurice
 13103 | D:9      | Killed Maurice
 13104 | D:9      | Reached skill level 1 in Invocations
 13261 | D:9      | Noticed a two-headed ogre
 13274 | D:9      | Killed a two-headed ogre
 13275 | D:9      | Reached XP level 11. HP: 65/96 MP: 15/17
 13472 | D:9      | Noticed a cyan ugly thing
 13481 | D:9      | Killed a cyan ugly thing
 13482 | D:9      | Reached skill level 5 in Dodging
 13798 | D:10     | Entered Level 10 of the Dungeon
 13933 | D:10     | Learned a level 3 spell: Mephitic Cloud
 15312 | D:11     | Noticed a two-headed ogre
 15333 | D:11     | Noticed a two-headed ogre
 15339 | D:11     | Killed a two-headed ogre
 15343 | D:11     | Reached skill level 5 in Spellcasting
 15343 | D:11     | Reached skill level 5 in Invocations
 15345 | D:11     | Noticed a tengu warrior
 15345 | D:11     | Noticed a catoblepas
 15346 | D:11     | Noticed an eight-headed hydra
 15713 | D:11     | Noticed a manticore
 15885 | D:10     | Killed a manticore
 16380 | D:11     | Noticed a boulder beetle
 16391 | D:11     | Killed a boulder beetle
 16581 | D:11     | Noticed an oklob plant
 16662 | D:11     | Killed a catoblepas
 16664 | D:11     | HP: 3/97 [two-headed ogre/+0 giant club (21)]
 16668 | D:11     | Demolished by a two-headed ogre

Illustrated notes

Levels and vault maps discovered:
D:1:      dpeg_arrival_renting, layout_basic
D:2:      layout_rooms, ebering_ecumenical_altar_rust
D:3:      layout_basic, serial_shops, nicolae_shop_statue_plus, serial_forest,
          infiniplex_forest_end_1, infiniplex_forest_clump_tiny,
          infiniplex_forest_end_3, infiniplex_forest_lined_2,
          infiniplex_forest_3_way, infiniplex_forest_clump_small, uniq_sigmund,
          uniq_terence
D:4:      layout_basic
D:5:      layout_loops_cross
D:6:      layout_layer_cave, mainiacjoe_overflow_small_starburst,
          minmay_temple_entry_gardened_gates, minmay_misc_feat_diagonals,
          uniq_eustachio
D:7:      layout_cave_pools, kennysheep_small_spiral, nicolae_shop_gadgets
D:8:      layout_loops_ring
D:9:      layout_loops_ring, enter_bailey_6, corexii_hall_statues_x,
          uniq_maurice
D:10:     layout_layer_cave
D:11:     layout_loops_cross, dpeg_oklobed_lair, ebering_ghost_xom,
          trove_entry_hex_spiral, minmay_shattered_shrine
Temple:   mainiacjoe_temple_hex_bubbles

Skill      XL: |  1  2  3  4  5  6  7  8  9 10 11 |
---------------+----------------------------------+-----
Transmutations | 3 4 5 7 8 9 10 | 10.0
Dodging        | 2 3 4 6 |  6.0
Fighting       | 2 3 5 6 |  6.0
Poison Magic   | 2 4 |  4.0
Evocations     | 1 2 4 |  4.0
Ice Magic      | 2 |  2.0
Unarmed Combat | 4 7 9 |  9.5
Spellcasting   | 3 4 5 |  5.7
Invocations    | 2 5 |  5.0

Action                   |  1- 3 |  4- 6 |  7- 9 | 10-12 || total
-------------------------+-------+-------+-------+-------++-------
Melee: Unarmed           |    97 |    96 |   256 |   188 ||   637
       Headbutt          |     8 |     1 |     3 |       ||    12
       Punch             |     1 |     4 |     1 |     7 ||    13
 Cast: Beastly Appendage |    16 |    16 |     4 |       ||    36
       Spider Form       |       |     4 |    29 |     2 ||    35
       Blade Hands       |       |       |    13 |    35 ||    48
       Mephitic Cloud    |       |       |       |     2 ||     2
Invok: Bend Time         |       |       |       |     2 ||     2
       Temporal Distorti |       |       |       |     2 ||     2
 Abil: Spit Poison       |    31 |    25 |     3 |     9 ||    68
Evoke: Wand              |       |       |     1 |     9 ||    10
  Use: Scroll            |       |       |     4 |     8 ||    12
       Potion            |       |       |       |     2 ||     2
 Stab: Sleeping          |       |       |       |     7 ||     7
Armor: Robe              |    26 |    11 |     5 |    82 ||   124
       Leather armour    |       |     5 |    13 |       ||    18
       Skin              |       |       |     6 |     2 ||     8
Dodge: Dodged            |    52 |    47 |   181 |   197 ||   477
